 Dungeon Crawl Stone Soup version 0.19-a0-1223-gf83d13a (webtiles) character file.

4259 dobroeutro the Basher (level 10, -2/64 HPs)
             Began as a Gargoyle Fighter on Aug 24, 2016.
             Was an Elder of Okawaru.
             Slain by an orc warrior
             ... wielding a +1 morningstar of holy wrath
              (14 damage)
             ... on level 8 of the Dungeon.
             The game lasted 00:14:15 (6742 turns).

dobroeutro the Basher (Gargoyle Fighter)            Turns: 6742, Time: 00:14:16

Health: -2/64      AC: 18    Str: 23    XL:     10   Next: 31%
Magic:  11/11      EV: 12    Int:  6    God:    Okawaru [****..]
Gold:   210        SH:  0    Dex: 16    Spells: 0 memorised, 9 levels left

rFire  . . .     SeeInvis .     l - +1 great mace (crush)
rCold  . . .     Gourm    .     b - +0 scale mail
rNeg   + . .     Faith    .     (shield currently unavailable)
rPois  ∞         Spirit   .     B - +2 hat
rElec  +         Dismiss  .     I - +0 cloak
rCorr  .         Reflect  .     (no gloves)
MR     .....     Harm     .     (no boots)
Stlth  ..........               (no amulet)
                                x - +6 ring of dexterity
                                (no ring)

@: no status effects
A: repulsion field 1, dopey 1, high mp 1, negative energy resistance 1,
electricity resistance, unbreathing, petrification resistance, rot immunity, AC
+7
a: Heroism, Renounce Religion


You were on level 8 of the Dungeon.
You worshipped Okawaru.
Okawaru was greatly pleased with you.
You were not hungry.

You visited 2 branches of the dungeon, and saw 9 of its levels.

You collected 314 gold pieces.
You spent 104 gold pieces at shops.

Inventory:

Hand Weapons
 l - a +1 great mace of crushing (weapon)
 v - a +2 flail of holy wrath
 K - a +0 morningstar
Armour
 b - a +0 scale mail (worn)
 c - a +0 shield
 y - a +1 helmet
 B - a +2 hat (worn)
 I - a +0 cloak (worn)
Rods
 H - a +0 rod of clouds (11/11)
   (You found it on level 7 of the Dungeon)
Jewellery
 a - an uncursed ring of ice
 x - a +6 ring of dexterity (right hand)
Wands
 q - a wand of slowing (6/48)
 D - a wand of polymorph (18/24)
Scrolls
 e - a scroll of immolation
 g - 2 scrolls of fear
 o - 2 scrolls of remove curse
 r - 2 scrolls of recharging
 u - 3 scrolls of teleportation
 w - 2 scrolls of fog
 G - a scroll of identify
 J - a scroll of magic mapping
Potions
 d - 4 potions of might
 h - a potion of cure mutation {unknown}
 j - 2 potions of curing
 k - a potion of degeneration {unknown}
 m - 5 potions of lignification
 n - a potion of invisibility {unknown}
 p - a potion of ambrosia
 t - a potion of brilliance
 z - 2 potions of berserk rage
 C - a potion of flight
 F - a potion of heal wounds {unknown}
Comestibles
 f - 11 bread rations
 i - 2 meat rations
 s - 4 beef jerkies
 A - a slice of pizza
 E - 8 chunks of flesh


   Skills:
 + Level 7.6 Fighting
 + Level 10.4 Maces & Flails
 + Level 7.3 Armour
 - Level 7.2 Shields


You had 9 spell levels left.
You didn't know any spells.

Dungeon Overview and Level Annotations

Branches:
Dungeon (8/15)             Temple (1/1) D:4
   Lair: D:8-11

Altars:
Ashenzari
Cheibriados
Dithmenos
Elyvilon
Fedhas
Gozag
Hepliaklqana
Kikubaaqudgha
Makhleb
Nemelex Xobeh
Okawaru
Qazlal
Ru
Sif Muna
Trog
Uskayaw
Vehumet
Xom
Yredelemnul
Zin
The Shining One

Shops:
D:6 *


Innate Abilities, Weirdness & Mutations

You are resistant to torment.
Your stone body is resilient. (AC +7)
You are immune to poison.
You resist negative energy. (rN+)
You are resistant to electric shocks. (rElec)
You can survive without breathing.
You are immune to petrification.
You are immune to rotting.
You are surrounded by a mild repulsion field. (EV +2)
You are dopey. (Int -2)
You have an increased reservoir of magic. (+10% MP)


Message History

The orc warrior hits you with a morningstar of holy wrath!
* * * LOW HITPOINT WARNING * * *
Some of the chunks of flesh in your inventory have rotted away.
You are too injured to fight recklessly!
You are too injured to fight recklessly!
You closely miss the orc warrior.
The orc warrior is heavily wounded.
The orc warrior hits you but does no damage.
You barely miss the orc warrior.
The orc warrior is heavily wounded.
The orc warrior hits you with a morningstar of holy wrath!
* * * LOW HITPOINT WARNING * * *
The orc warrior hits you with a morningstar of holy wrath.
* * * LOW HITPOINT WARNING * * *
There is an open door here.
Okay, then.
You feel better.
You fail to use your ability.
The orc warrior hits you with a morningstar of holy wrath!
You die...

#..#..........#....#
#..#......##+##....#
#..#......#..#.....#
#..#......#..'.....#
#..'......#..#.....#
#..#......+..#.....#
#..#......#..#.....#
#..#......#..##....#
#..#......#@###....#
#..#......#o.# ....#
#..#......'..# ....#
#..#......#... #..#
.....#...#
#..#......#...#
#..#......#...#
#..#......#..##
#..#......##+#


You could see an orc warrior.

Vanquished Creatures
  Pikel (D:7)
  The ghost of HaroldButt the Thaumaturge, a novice DECj of Vehumet (D:7)
  The ghost of Dirtsage the Martial Artist, a novice DsMo of Ru (D:6)
  A two-headed ogre (D:8)
  Prince Ribbit (D:6)
  A spriggan (D:7)
  Edmund (D:4)
  Duvessa (D:7)
  An orc warrior (D:6)
  An ice beast (D:6)
  A slave (D:7)
  3 sky beasts
  2 ogres
  Dowan (D:7)
  2 scorpions
  A killer bee (D:6)
  9 wights
  A howler monkey (D:6)
  2 crimson imps
  2 centaur zombies
  2 giant frog zombies
  A hound (D:6)
  A centaur skeleton (D:7)
  A jelly (D:5)
  6 orc priests
  7 orc wizards
  Crazy Yiuf (D:7)
  An iguana (D:5)
  4 worker ants
  A hound zombie (D:5)
  14 adders
  A shadow imp (D:5)
  2 adder skeletons
  A worm (D:3)
  2 dart slugs
  3 giant geckos
  16 orcs
  3 giant cockroaches
  4 goblins
  9 hobgoblins
  13 jackals
  7 kobolds
  7 quokkas
  3 ball pythons
  7 giant newts
  A jackal zombie (D:5)
  6 rats
158 creatures vanquished.

Notes
Turn   | Place    | Note
-------+----------+-------------------------------------------
     0 | D:1      | dobroeutro the Gargoyle Fighter began the quest for the Orb.
     0 | D:1      | Reached XP level 1. HP: 14/14 MP: 1/1
    87 | D:1      | Reached XP level 2. HP: 14/19 MP: 2/2
   232 | D:1      | Reached skill level 3 in Maces & Flails
   497 | D:1      | Reached XP level 3. HP: 23/23 MP: 3/3
   825 | D:2      | Reached skill level 4 in Maces & Flails
   891 | D:2      | Reached XP level 4. HP: 14/28 MP: 4/4
  1508 | D:3      | Reached skill level 5 in Maces & Flails
  1508 | D:3      | Reached XP level 5. HP: 32/32 MP: 5/5
  2142 | D:4      | Reached skill level 6 in Maces & Flails
  2142 | D:4      | Reached XP level 6. HP: 35/37 MP: 6/6
  2273 | D:4      | Found a staircase to the Ecumenical Temple.
  2374 | Temple   | Entered the Ecumenical Temple
  2514 | Temple   | Became a worshipper of Warmaster Okawaru
  2864 | D:4      | Noticed Edmund
  2873 | D:4      | Killed Edmund
  2873 | D:4      | Reached skill level 7 in Maces & Flails
  3167 | D:5      | Entered Level 5 of the Dungeon
  3210 | D:5      | Reached XP level 7. HP: 41/41 MP: 7/7
  3277 | D:5      | Reached * piety under Okawaru
  3284 | D:5      | Gained mutation: You have an increased reservoir of magic. (+10% MP) [mutagenic meat]
  3287 | D:5      | Gained mutation: Scrolls take you a little longer to read. [mutagenic meat]
  3290 | D:5      | Gained mutation: You are dopey. (Int -2) [mutagenic meat]
  3293 | D:5      | Lost mutation: Scrolls take you a little longer to read. [mutagenic meat]
  3296 | D:5      | Gained mutation: You are surrounded by a mild repulsion field. (EV +2) [mutagenic meat]
  3316 | D:5      | Reached skill level 8 in Maces & Flails
  3433 | D:5      | Found a bloodstained altar of Trog.
  3711 | D:6      | Noticed Dirtsage's ghost (novice DsMo)
  3926 | D:6      | Reached XP level 8. HP: 25/47 MP: 8/8
  4254 | D:6      | Killed Dirtsage's ghost
  4254 | D:6      | Reached ** piety under Okawaru
  4254 | D:6      | Reached skill level 9 in Maces & Flails
  4482 | D:6      | Found Weheuppyrgh's Assorted Antiques.
  4485 | D:6      | Bought a scroll labeled SAMYLL HUIBBER for 26 gold pieces
  4485 | D:6      | Bought a scroll labeled NERUPH GYTWER for 26 gold pieces
  4485 | D:6      | Bought 2 scrolls labeled GIFEALUBO for 52 gold pieces
  4657 | D:6      | Reached skill level 5 in Fighting
  4904 | D:6      | Reached skill level 5 in Armour
  4904 | D:6      | Reached skill level 5 in Shields
  4916 | D:6      | Reached XP level 9. HP: 34/54 MP: 9/9
  5524 | D:7      | Noticed Dowan
  5544 | D:7      | Killed Dowan
  5547 | D:7      | Noticed Pikel
  5547 | D:7      | Noticed Duvessa
  5557 | D:7      | Killed Duvessa
  5565 | D:7      | Killed Pikel
  5565 | D:7      | Reached *** piety under Okawaru
  5758 | D:7      | Noticed Prince Ribbit
  5763 | D:7      | Noticed HaroldButt's ghost (novice DECj)
  6033 | D:6      | Reached skill level 10 in Maces & Flails
  6216 | D:6      | Killed Prince Ribbit
  6216 | D:6      | Reached XP level 10. HP: 47/63 MP: 11/11
  6282 | D:7      | Killed HaroldButt's ghost
  6282 | D:7      | Reached **** piety under Okawaru
  6337 | D:7      | Found a runed door.
  6338 | D:7      | Identified a +0 rod of clouds (11/11) (You found it on level 7 of the Dungeon)
  6508 | D:7      | Noticed Crazy Yiuf
  6512 | D:7      | Killed Crazy Yiuf
  6740 | D:8      | HP: 3/64 [orc warrior/morningstar of holy wrath (3)]
  6742 | D:8      | Slain by an orc warrior

Vault maps used:
D:1:      dpeg_arrival_chambers_temple_mockup
D:2:      first_bread
D:4:      uniq_edmund
D:5:      minmay_misc_feat_square, trog_butcher_becter
D:6:      serial_shops, nicolae_shop_behind_doors
D:7:      the_bakery, uniq_pikel, uniq_prince_ribbit1, uniq_duvessa,
          uniq_crazy_yiuf_cottage
D:8:      uniq_joseph
Temple:   roderic_octagonal_lattice_temple

Skill      XL: |  1  2  3  4  5  6  7  8  9 10 |
---------------+-------------------------------+-----
Maces & Flails | 3 4 5 6 7 8 9 10 | 10.4
Fighting       | 5 7 |  7.6
Armour         | 5 6 7 |  7.3
Shields        | 5 6 7 |  7.2

Action                   |  1- 3 |  4- 6 |  7- 9 | 10-12 || total
-------------------------+-------+-------+-------+-------++-------
Melee: Flail             |   130 |    30 |       |       ||   160
       Great mace        |       |   175 |   272 |    54 ||   501
Invok: Heroism           |       |       |     1 |       ||     1
  Use: Scroll            |       |       |    18 |       ||    18
       Potion            |       |       |       |     1 ||     1
  Eat: Chunk             |       |     8 |    15 |     2 ||    25
Armor: Scale mail        |    66 |   140 |   156 |    27 ||   389
Dodge: Dodged            |    40 |   133 |   155 |    39 ||   367
Block: Shield            |    53 |    17 |       |       ||    70
